 Dungeon Crawl Stone Soup version 0.19.1 (webtiles) character file.

3469 Buffagor the Chopper (level 10, -28/63 HPs)
             Began as a Gargoyle Fighter on Dec 12, 2016.
             Was an Initiate of the Shining One.
             Annihilated by a hill giant
             ... wielding a +0 giant club
              (31 damage)
             ... on level 7 of the Dungeon.
             The game lasted 00:10:38 (6536 turns).

Buffagor the Chopper (Gargoyle Fighter)             Turns: 6536, Time: 00:10:39

Health: -28/63     AC: 20    Str: 24    XL:     10   Next: 6%
Magic:  12/12      EV:  7    Int:  8    God:    the Shining One [......]
Gold:   455        SH: 12    Dex:  9    Spells: 0 memorised, 9 levels left

rFire  x . .     SeeInvis .     a - +4 war axe
rCold  + . .     Gourm    .     A - +0 chain mail
rNeg   + . .     Faith    .     c - +1 shield
rPois  ∞         Spirit   .     (no helmet)
rElec  +         Reflect  .     (no cloak)
rCorr  .         Harm     .     (no gloves)
MR     .....                    G - +2 pair of boots
Stlth  ..........               (no amulet)
                                y - ring of ice
                                i - ring of stealth

@: glowing
A: negative energy resistance 1, electricity resistance, unbreathing,
petrification resistance, rot immunity, AC +7
a: Renounce Religion


You were on level 7 of the Dungeon.
You worshipped the Shining One.
The Shining One was noncommittal.
You were not hungry.

You visited 2 branches of the dungeon, and saw 9 of its levels.

You collected 455 gold pieces.

Inventory:

Hand Weapons
 a - a +4 war axe (weapon)
Armour
 c - a +1 shield (worn)
 A - a +0 chain mail (worn)
 G - a +2 pair of boots (worn)
Jewellery
 i - a ring of stealth (left hand)
 j - an uncursed ring of fire
 y - a ring of ice (right hand)
 E - an uncursed ring of protection from magic {unknown}
 H - an uncursed ring of protection from magic {unknown}
Wands
 n - a wand of flame (36/48)
 x - a wand of disintegration (12/24)
 J - a wand of paralysis (15/24)
 K - a wand of flame (35/48)
Scrolls
 d - 2 scrolls of identify
 m - 2 scrolls of amnesia
 o - a scroll of immolation {unknown}
 p - 5 scrolls of teleportation
 t - a scroll of remove curse
 w - 2 scrolls of fear
 z - 3 scrolls of fog
 F - 2 scrolls of recharging {unknown}
Potions
 b - 2 potions of invisibility
 e - 2 potions of degeneration {unknown}
 k - 4 potions of brilliance
 l - 2 potions of curing
 q - a potion of beneficial mutation {unknown}
 v - 3 potions of agility
 B - a potion of haste {unknown}
 D - a potion of might
Books
 C - a book of Necromancy

   Spells                             Type                      Level
   a - Pain                           Necromancy                   1
   b - Animate Skeleton               Necromancy                   1
   c - Vampiric Draining              Necromancy                   3
   d - Regeneration                   Charms/Necromancy            3
   e - Animate Dead                   Necromancy                   4
   f - Control Undead                 Necromancy                   4
   The Shining One disapproves of the use of such an item.
 I - a book of Maledictions

   Spells                             Type                      Level
   a - Corona                         Hexes                        1
   b - Ensorcelled Hibernation        Hexes/Ice                    2
   c - Confuse                        Hexes                        3
   d - Tukima's Dance                 Hexes                        3
   e - Dazzling Spray                 Conjuration/Hexes            3
Comestibles
 f - 9 bread rations
 g - 2 royal jellies
 r - 4 fruits
 s - 7 beef jerkies
 u - 4 meat rations


   Skills:
 + Level 7.4 Fighting
 * Level 7.7 Axes
 + Level 7.3 Armour
 + Level 2.2 Dodging
 + Level 7.3 Shields
 + Level 3.6 Invocations


You had 9 spell levels left.
You didn't know any spells.

Dungeon Overview and Level Annotations

Branches:
Dungeon (8/15)             Temple (1/1) D:6
   Lair: D:8-11

Altars:
Ashenzari
Dithmenos
Elyvilon
Fedhas
Hepliaklqana
Kikubaaqudgha
Makhleb
Nemelex Xobeh
Qazlal
Sif Muna
Trog
Uskayaw
Vehumet
Xom
Zin
The Shining One

Shops:
D:5 %[!!


Innate Abilities, Weirdness & Mutations

You are resistant to torment.
Your stone body is resilient. (AC +7)
You are immune to poison.
You resist negative energy. (rN+)
You are resistant to electric shocks. (rElec)
You can survive without breathing.
You are immune to petrification.
You are immune to rotting.


Message History

You block the killer bee's attack. x2
You slash the hill giant!
The hill giant is lightly wounded.
A quasit comes into view.
The quasit gives a chilling moan.
You slash the hill giant!
The hill giant is moderately wounded.
The hill giant barely misses you.
You hit the hill giant but do no damage.
The hill giant is moderately wounded.
The hill giant hits you with a giant club!
* * * LOW HITPOINT WARNING * * *
You slash the hill giant!
The hill giant is heavily wounded.
The hill giant hits you with a giant club!
* * * LOW HITPOINT WARNING * * *
You slash the hill giant!
The hill giant is severely wounded.
The hill giant hits you with a giant club!!
You die...

#####...........#
#.........#
#...........###.........#
#.......................#
#.........#####.........#
#######...# #.........##
#.y.# ##..#####.#. #.yy#
#..# #.#. #.#C# #..###
#.#. #.#@# #...†# #.#.
##.#########.#.# #.#.
#..#.........#.# #.#.
#.##.#########.# #.#.
#.##.# #.# #.#.
#######.##[# #.# #.##
#.......##.# #.# #...
#.########.# #.# #### #.#
#.# #.#


You could see a hill giant and 3 killer bees.

Vanquished Creatures
  The ghost of friendlybee the Cudgeler, a novice GrMo of Cheibriados (D:6)
  A steam dragon (D:6)
  A water moccasin (D:7)
  4 phantoms
  An orc warrior (D:6)
  3 sky beasts
  7 ogres
  2 centaurs (D:6)
  A scorpion (D:5)
  12 killer bees
  An electric eel (D:6)
  A crimson imp (D:6)
  A bullfrog zombie (D:6)
  3 hounds
  2 jellies
  4 orc priests
  3 orc wizards (D:5)
  A centaur skeleton (D:5)
  An iguana (D:6)
  2 worker ants (D:6)
  11 adders
  2 river rats (D:6)
  3 shadow imps
  2 oozes (D:2)
  An adder zombie (D:6)
  2 worms
  12 dart slugs
  4 leopard geckos
  18 orcs
  4 bats
  8 giant cockroaches
  6 goblins
  5 hobgoblins
  2 jackals (D:5)
  4 quokkas
  A ball python (D:1)
  2 frilled lizards (D:1)
  A jackal skeleton (D:4)
  6 kobolds
  A quokka zombie (D:5)
  11 rats
158 creatures vanquished.

Vanquished Creatures (others)
  An orc wizard (D:5)
1 creature vanquished.

Grand Total: 159 creatures vanquished

Notes
Turn   | Place    | Note
-------+----------+-------------------------------------------
     0 | D:1      | Buffagor the Gargoyle Fighter began the quest for the Orb.
     0 | D:1      | Reached XP level 1. HP: 14/14 MP: 1/1
    33 | D:1      | Reached XP level 2. HP: 18/19 MP: 2/2
   655 | D:2      | Reached XP level 3. HP: 23/23 MP: 3/3
   955 | D:2      | Reached XP level 4. HP: 24/29 MP: 4/4
  1451 | D:3      | Reached XP level 5. HP: 25/33 MP: 5/5
  1800 | D:3      | Found a faded altar of an unknown god.
  2113 | D:4      | Noticed a phantom
  2154 | D:4      | Killed a phantom
  2154 | D:4      | Reached XP level 6. HP: 20/38 MP: 6/6
  2298 | D:4      | Noticed a phantom
  2347 | D:4      | Killed a phantom
  2613 | D:5      | Entered Level 5 of the Dungeon
  2800 | D:5      | Reached skill level 5 in Shields
  2800 | D:5      | Reached XP level 7. HP: 16/44 MP: 7/7
  3015 | D:5      | Reached skill level 5 in Fighting
  3024 | D:5      | Reached skill level 5 in Armour
  3184 | D:5      | Found Vied's Distillery.
  3197 | D:5      | Reached skill level 5 in Axes
  3377 | D:5      | Found a burning altar of Makhleb.
  3377 | D:5      | Noticed a balrug
  3396 | D:5      | Found Empatoe's Food Shoppe.
  3442 | D:5      | Found Iwux Neeg's Armour Boutique.
  3457 | D:5      | Reached XP level 8. HP: 15/49 MP: 8/8
  3745 | D:5      | Found Gis Pyax's Distillery.
  3966 | D:6      | Noticed friendlybee's ghost (novice GrMo)
  3985 | D:6      | Killed friendlybee's ghost
  4205 | D:6      | Found a staircase to the Ecumenical Temple.
  4212 | Temple   | Entered the Ecumenical Temple
  4307 | Temple   | Became a worshipper of the Shining One
  4484 | D:6      | Reached skill level 1 in Invocations
  4484 | D:6      | Reached XP level 9. HP: 28/55 MP: 9/9
  4669 | D:6      | Reached skill level 1 in Dodging
  6109 | D:7      | Reached XP level 10. HP: 57/63 MP: 12/12
  6521 | D:8      | Noticed a hill giant
  6535 | D:7      | HP: 3/63 [hill giant/giant club (13)]
  6536 | D:7      | Annihilated by a hill giant

Skill      XL: |  1  2  3  4  5  6  7  8  9 |
---------------+----------------------------+-----
Axes           | 2 3 4 5 6 7 |  7.7
Shields        | 4 5 6 7 |  7.3
Fighting       | 4 5 6 7 |  7.4
Armour         | 4 5 6 7 |  7.3
Invocations    | 1 3 |  3.6
Dodging        | 2 |  2.2

Action                   |  1- 3 |  4- 6 |  7- 9 | 10-12 || total
-------------------------+-------+-------+-------+-------++-------
Melee: War axe           |    83 |   193 |   367 |    17 ||   660
  Use: Potion            |       |     1 |     6 |       ||     7
       Scroll            |       |       |    17 |       ||    17
  Eat: Chunk             |       |     6 |    11 |     1 ||    18
       Pizza             |       |       |     1 |       ||     1
Armor: Scale mail        |    29 |    69 |       |       ||    98
       Chain mail        |       |    16 |   242 |    12 ||   270
Dodge: Dodged            |    20 |    51 |    92 |    18 ||   181
Block: Shield            |    46 |    86 |   246 |    16 ||   394
